 Dungeon Crawl Stone Soup version 0.16-b1 (console) character file.

70 mauris the Stinger (level 4, -3/22 HPs)
             Began as a Vine Stalker Venom Mage on Mar 13, 2015.
             Slain by a goblin
             ... wielding a +0 hand axe
             ... led by Robin
              (8 damage)
             ... on level 2 of the Dungeon.
             The game lasted 00:02:27 (1685 turns).

mauris the Stinger (Vine Stalker Venom Mage)        Turns: 1685, Time: 00:02:27

Health: -3/22      AC:  2    Str: 12    XL:     4   Next: 21%
Magic:  0/9        EV: 12    Int: 15    God:
Gold:   55         SH:  0    Dex: 14    Spells: 1 memorised, 7 levels left

rFire  . . .     SeeInvis .     a - +0 dagger
rCold  . . .     Clarity  .     d - +0 robe {2}
rNeg   . . .     SustAb   .     (no shield)
rPois  .         Gourm    .     (no helmet)
rElec  .         Spirit   +     (no cloak)
rCorr  .         Warding  .     (no gloves)
rMut   .         Stasis   .     (no boots)
MR     .....                    (no amulet)
Stlth  ++........               (no ring)
                                (no ring)

@: very slightly contaminated, not resistant to hostile enchantments, unstealthy
A: fangs 2, regeneration 1, magic shield, antimagic bite, no device heal 3, rot
immunity
a: no special abilities


You were on level 2 of the Dungeon.
You were not hungry.

You visited 1 branch of the dungeon, and saw 2 of its levels.

You collected 55 gold pieces.

Inventory:

Hand weapons
 a - a +0 dagger (weapon)
Armour
 d - a +0 robe (worn) {2}
Scrolls
 g - a scroll of immolation {unknown}
 h - 3 scrolls of identify {unknown}
 i - a scroll of teleportation {unknown}
Potions
 b - a potion of brilliance {unknown}
 e - 4 potions of heal wounds {unknown}
 f - a potion of haste {unknown}
Comestibles
 c - a bread ration
 j - a beef jerky
 k - a chunk of flesh


   Skills:
 + Level 1.0 Fighting
 + Level 0.4 Armour
 + Level 2.3 Dodging
 - Level 2.7 Stealth
 + Level 1.1 Unarmed Combat
 - Level 2.5 Spellcasting
 - Level 4.2 Poison Magic


You had 7 spell levels left.
You knew the following spells:

 Your Spells              Type           Power        Failure   Level  Hunger
a - Sting                 Conj/Pois      #...         12%         1    #......


Dungeon Overview and Level Annotations

Branches:
Dungeon (2/15)

Altars:
Makhleb
Vehumet

Annotations:
D:2 Robin


Innate Abilities, Weirdness & Mutations

You have extremely sharp teeth.
Your natural rate of healing is unusually fast.
When hurt, damage is shared between your health and your magic reserves.
Your bite disrupts and absorbs the magic of your enemies.
Potions and wands cannot restore your health.
You are immune to rotting.


Message History

Confirm with . or Enter, or press ? or * to list all spells.
Aiming: Sting
Press: ? - help, Shift-Dir - straight line, f/p - goblin
Aim: a goblin (consumed by blood-lust)
The sting hits the goblin.
The goblin is poisoned.
The goblin is moderately wounded.
Robin throws the goblin at you!
Casting: Sting
Confirm with . or Enter, or press ? or * to list all spells.
Aiming: Sting
Press: ? - help, Shift-Dir - straight line, f/p - goblin
Aim: a goblin (moderately wounded, poisoned, consumed by blood-lust)
The sting hits the goblin.
The goblin looks even sicker.
You kill the goblin!
The goblin hits you with a hand axe. The goblin hits you with a club.
* * * LOW HITPOINT WARNING * * *
Huge Dmg: -41%(-9hp) hp: 23%(5hp)
You closely miss the goblin. Your bite misses the goblin.
The goblin hits you with a hand axe!
You die...

#...........#
###########.# #.# #.#
#.# #.# #.#
###########.#######
#..............g@(#
#.###############g####
..# ##ggg.### ###
###~~.g.~~###
#~~~~...~~~~##
~~~~~~##'''##~~~#
~~~~~~#.(...#~~~#
....)#.....#...# .g.
#.)...#.).#


You could see Robin, 2 hobgoblins and 3 goblins.

Vanquished Creatures
  An adder (D:2)
  A worm (D:2)
  A giant gecko (D:1)
  2 giant cockroaches
  16 goblins
  7 hobgoblins
  7 jackals
  5 kobolds
  6 bats
  2 giant newts
  A rat (D:2)
49 creatures vanquished.

Notes
Turn   | Place    | Note
--------------------------------------------------------------
     0 | D:1      | mauris, the Vine Stalker Venom Mage, began the quest for the Orb.
     0 | D:1      | Reached XP level 1. HP: 9/9 MP: 3/3
    66 | D:1      | Huge Dmg: 3 dmg
    70 | D:1      | Huge Dmg: 3 dmg
    79 | D:1      | Huge Dmg: 2 dmg
   104 | D:1      | Reached XP level 2. HP: 11/13 MP: 5/5
   482 | D:1      | Reached XP level 3. HP: 13/16 MP: 1/7
   485 | D:1      | Huge Dmg: 3 dmg
   706 | D:2      | Huge Dmg: 5 dmg
   708 | D:2      | Huge Dmg: 4 dmg
   709 | D:2      | Huge Dmg: 3 dmg
   968 | D:2      | Huge Dmg: 5 dmg
   992 | D:2      | Huge Dmg: 4 dmg
  1042 | D:2      | Huge Dmg: 5 dmg
  1043 | D:2      | Huge Dmg: 5 dmg
  1093 | D:2      | Huge Dmg: 4 dmg
  1093 | D:2      | Reached XP level 4. HP: 16/21 MP: 0/9
  1200 | D:2      | Huge Dmg: 6 dmg
  1228 | D:2      | Noticed Robin
  1446 | D:2      | Reached skill level 1 in Unarmed Combat
  1547 | D:2      | Found a burning altar of Makhleb.
  1549 | D:2      | Found a radiant altar of Vehumet.
  1675 | D:2      | Reached skill level 1 in Fighting
  1677 | D:2      | Huge Dmg: 4 dmg
  1685 | D:2      | Huge Dmg: 9 dmg
  1685 | D:2      | Slain by a goblin

Action                   |  1- 3 |  4- 6 || total
-------------------------+-------+-------++-------
Melee: Unarmed           |    32 |       ||    32
       Dagger            |    24 |     1 ||    25
 Cast: Sting             |    73 |    25 ||    98
  Eat: Chunk             |     2 |     2 ||     4

Vault maps used:
D:1:      tarquinn_simple_flora_water_e
D:2:      kennysheep_goblin_castle, minitemple
